General information
- name: BNet
- type: Ladder team game (AT/RT)
- host: Battle.net
- saver: AParcelofRogues
map: MarketSquare
- players: 8
- length: 34:45
- speed: Fast
- version: 1.26 W3XP
- replay type: Public
» download(201 KB)
Players
team 1 (loser)
bibiche25 (
green | 33 APM | 1025 actions | 31:02)
5 Demon Hunter
3 Immolation
2 Evasion
» actions
| Build / train | 69 | |
| Enter build submenu | 73 | |
| Enter hero's abilities submenu | 5 | |
| Remove unit from queue | 1 | |
| Right click | 375 | |
| Select / deselect | 420 | |
| Use ability | 82 | |
1025 total
» units
| Wisp | 24 | |
| Huntress | 3 | |
| Hippogryph | 6 | |
| Chimaera | 12 | |
45 total
» upgrades
| Strength of the Wild | 3 | |
| Reinforced Hides | 3 | |
| Corrosive Breath | 1 | |
7 total
» buildings
| Altar of Elders | 1 | |
| Ancient of War | 1 | |
| Moon Well | 10 | |
| Hunter's Hall | 1 | |
| Ancient of Wonders | 2 | |
| Tree of Ages | 2 | |
| Ancient Protector | 10 | |
| Ancient of Wind | 1 | |
| Tree of Eternity | 1 | |
| Chimaera Roost | 3 | |
| Tree of Life | 2 | |
| Necropolis | 3 | |
| Ziggurat | 27 | |
| Tomb of Relics | 2 | |
| Altar of Darkness | 1 | |
| Nerubian Tower | 4 | |
| Graveyard | 1 | |
| Halls of the Dead | 1 | |
73 total
» build order
00:55 Altar of Elders
00:57 Ancient of War
01:16 Moon Well
01:52 Hunter's Hall
02:17 Moon Well
02:34 Ancient of Wonders
03:26 Ancient of Wonders
04:42 Tree of Ages
05:08 Ancient Protector
05:16 Ancient Protector
05:58 Ancient Protector
06:13 Moon Well
06:55 Moon Well
07:50 Ancient Protector
08:13 Ancient of Wind
09:11 Tree of Eternity
09:51 Moon Well
10:25 Moon Well
10:38 Moon Well
11:34 Chimaera Roost
11:37 Chimaera Roost
11:41 Chimaera Roost
12:09 Moon Well
13:21 Moon Well
13:50 Moon Well
23:34 Tree of Life
25:29 Tree of Life
25:37 Ancient Protector
25:41 Ancient Protector
25:45 Ancient Protector
25:48 Ancient Protector
26:27 Necropolis
26:39 Ancient Protector
26:45 Ancient Protector
26:53 Ziggurat
26:55 Ziggurat
26:56 Ziggurat
26:59 Ziggurat
27:00 Ziggurat
27:03 Ziggurat
27:05 Ziggurat
27:08 Ziggurat
27:10 Ziggurat
27:16 Ziggurat
27:20 Ziggurat
27:32 Tomb of Relics
27:38 Tree of Ages
28:55 Necropolis
28:57 Ziggurat
28:59 Ziggurat
29:02 Ziggurat
29:06 Necropolis
29:19 Ziggurat
29:21 Ziggurat
29:25 Ziggurat
29:28 Ziggurat
29:30 Ziggurat
29:33 Ziggurat
29:39 Ziggurat
29:43 Ziggurat
29:45 Ziggurat
29:50 Ziggurat
29:53 Ziggurat
29:55 Ziggurat
29:57 Ziggurat
30:00 Altar of Darkness
30:09 Tomb of Relics
30:15 Nerubian Tower
30:18 Nerubian Tower
30:21 Nerubian Tower
30:23 Nerubian Tower
30:28 Graveyard
30:57 Halls of the Dead
» items
| Scroll of Town Portal | 1 | |
| Potion of Healing | 2 | |
3 total
AParcelofRogues (
blue | 93 APM | 3241 actions | 34:45)
6 Blademaster
3 Wind Walk
2 Critical Strike
1 Bladestorm
» actions
| Assign group hotkey | 111 | |
| Basic commands | 172 | |
| Build / train | 99 | |
| ESC pressed | 20 | |
| Enter build submenu | 46 | |
| Enter hero's abilities submenu | 6 | |
| Give item / drop item | 22 | |
| Remove unit from queue | 1 | |
| Right click | 1511 | |
| Select / deselect | 302 | |
| Select group hotkey | 716 | |
| Use ability | 235 | |
3241 total
» units
| Peon | 14 | |
| Grunt | 7 | |
| Wind Rider | 7 | |
| Demolisher | 4 | |
32 total
» upgrades
| Armor | 3 | |
| Berserker Strength | 1 | |
| Ranged Weapons | 3 | |
| Reinforced Defenses | 1 | |
| Envenomed Spears | 1 | |
| Spiked Barricades | 3 | |
| Melee Weapons | 1 | |
| Burning Oil | 1 | |
| Liquid Fire | 1 | |
15 total
» buildings
| Orc Burrow | 8 | |
| Altar of Storms | 2 | |
| Barracks | 8 | |
| Voodoo Lounge | 1 | |
| War Mill | 2 | |
| Stronghold | 1 | |
| Great Hall | 1 | |
| Watch Tower | 18 | |
| Fortress | 3 | |
| Beastiary | 3 | |
47 total
» build order
00:10 Orc Burrow
00:35 Altar of Storms
00:51 Altar of Storms
01:33 Orc Burrow
01:56 Barracks
02:25 Voodoo Lounge
02:29 War Mill
03:23 Orc Burrow
05:05 Stronghold
05:42 Great Hall
05:52 Watch Tower
06:07 Watch Tower
07:05 Watch Tower
07:53 Watch Tower
07:55 Watch Tower
08:44 Fortress
08:44 Fortress
08:54 Watch Tower
08:54 Watch Tower
09:56 Beastiary
10:00 Beastiary
12:10 Watch Tower
12:11 Watch Tower
12:14 Watch Tower
12:15 Watch Tower
12:21 Watch Tower
12:24 Watch Tower
14:43 Watch Tower
22:18 Orc Burrow
22:20 Orc Burrow
22:21 Watch Tower
22:23 Watch Tower
22:24 Watch Tower
22:25 Watch Tower
22:27 Beastiary
23:46 Orc Burrow
23:47 Orc Burrow
27:09 Barracks
27:12 Barracks
27:13 Barracks
27:15 Barracks
27:16 Barracks
27:17 Barracks
28:28 Barracks
28:45 Orc Burrow
29:20 War Mill
» items
| Lesser Clarity Potion | 7 | |
| Healing Salve | 7 | |
| Scroll of Town Portal | 2 | |
| Potion of Mana | 3 | |
| Orb of Corruption | 1 | |
| Dust of Appearance | 1 | |
| Staff of Teleportation | 1 | |
| Periapt of Vitality | 1 | |
23 total
MysticorMagicor (
purple | 32 APM | 1006 actions | 31:31)
3 Paladin
1 Holy Light
2 Devotion Aura
» actions
| Assign group hotkey | 10 | |
| Basic commands | 3 | |
| Build / train | 131 | |
| ESC pressed | 3 | |
| Enter build submenu | 86 | |
| Enter hero's abilities submenu | 3 | |
| Right click | 240 | |
| Select / deselect | 359 | |
| Select group hotkey | 60 | |
| Use ability | 111 | |
1006 total
» units
» upgrades
| Masonry | 3 | |
| Swords | 2 | |
| Lumber Harvesting | 2 | |
| Armor | 1 | |
8 total
» buildings
| Lumber Mill | 2 | |
| Farm | 9 | |
| Altar of Kings | 1 | |
| Scout Tower | 66 | |
| Guard Tower | 41 | |
| Town Hall | 2 | |
| Arcane Tower | 3 | |
| Arcane Vault | 1 | |
| Keep | 1 | |
| Blacksmith | 1 | |
| Castle | 1 | |
| Gryphon Aviary | 2 | |
130 total
» build order
00:09 Lumber Mill
00:22 Farm
00:37 Altar of Kings
01:01 Farm
01:25 Farm
01:44 Scout Tower
02:04 Farm
02:12 Guard Tower
02:15 Scout Tower
02:50 Guard Tower
02:52 Farm
03:00 Scout Tower
04:43 Town Hall
05:06 Guard Tower
05:25 Scout Tower
05:27 Scout Tower
05:37 Scout Tower
05:51 Scout Tower
05:54 Guard Tower
05:57 Arcane Tower
06:00 Arcane Vault
06:05 Guard Tower
06:10 Farm
06:16 Scout Tower
06:29 Guard Tower
06:31 Scout Tower
06:35 Scout Tower
06:46 Farm
06:48 Guard Tower
06:59 Scout Tower
07:10 Scout Tower
07:14 Keep
07:15 Guard Tower
07:20 Scout Tower
07:28 Scout Tower
07:33 Scout Tower
07:35 Arcane Tower
07:40 Scout Tower
07:43 Arcane Tower
08:18 Guard Tower
08:22 Scout Tower
08:29 Guard Tower
08:35 Scout Tower
08:38 Guard Tower
08:41 Blacksmith
09:00 Scout Tower
09:02 Guard Tower
09:05 Scout Tower
09:07 Guard Tower
09:10 Scout Tower
09:34 Guard Tower
09:38 Scout Tower
09:40 Guard Tower
09:42 Castle
09:52 Lumber Mill
10:12 Guard Tower
10:15 Scout Tower
10:17 Scout Tower
10:20 Guard Tower
10:22 Scout Tower
10:26 Scout Tower
10:27 Scout Tower
10:32 Scout Tower
10:47 Scout Tower
10:49 Guard Tower
10:51 Scout Tower
10:52 Guard Tower
10:55 Scout Tower
10:57 Guard Tower
11:02 Scout Tower
11:05 Scout Tower
11:06 Guard Tower
11:09 Scout Tower
11:14 Scout Tower
11:23 Scout Tower
11:26 Scout Tower
11:30 Scout Tower
11:33 Guard Tower
11:45 Scout Tower
11:48 Scout Tower
11:51 Guard Tower
11:57 Scout Tower
12:03 Farm
12:06 Guard Tower
12:08 Guard Tower
12:16 Scout Tower
12:19 Guard Tower
12:22 Scout Tower
12:24 Guard Tower
12:27 Scout Tower
12:31 Scout Tower
13:09 Scout Tower
13:14 Guard Tower
13:18 Scout Tower
13:33 Gryphon Aviary
13:40 Gryphon Aviary
13:45 Guard Tower
14:10 Guard Tower
14:15 Scout Tower
14:20 Guard Tower
14:24 Farm
14:37 Guard Tower
14:58 Scout Tower
15:12 Scout Tower
15:28 Scout Tower
15:40 Guard Tower
15:41 Guard Tower
15:51 Scout Tower
15:57 Scout Tower
15:58 Guard Tower
16:02 Scout Tower
16:05 Guard Tower
16:08 Scout Tower
16:12 Scout Tower
16:30 Guard Tower
20:23 Scout Tower
20:41 Scout Tower
20:44 Scout Tower
20:47 Scout Tower
20:51 Scout Tower
20:57 Town Hall
21:25 Guard Tower
21:33 Scout Tower
21:38 Scout Tower
22:08 Scout Tower
22:33 Scout Tower
22:34 Guard Tower
22:41 Scout Tower
23:25 Guard Tower
24:26 Guard Tower
» items
| Mechanical Critter | 2 | |
| Scroll of Regeneration | 3 | |
| Scroll of Town Portal | 1 | |
| Potion of Healing | 1 | |
| Orb of Fire | 1 | |
8 total
13lackP3n1s (
teal | 61 APM | 1577 actions | 26:01)
4 Death Knight
2 Death Coil
2 Unholy Aura
3 Lich
2 Frost Nova
1 Frost Armor
» actions
| Assign group hotkey | 78 | |
| Basic commands | 71 | |
| Build / train | 66 | |
| Enter build submenu | 12 | |
| Enter hero's abilities submenu | 7 | |
| Give item / drop item | 3 | |
| Remove unit from queue | 1 | |
| Right click | 483 | |
| Select / deselect | 218 | |
| Select group hotkey | 566 | |
| Use ability | 72 | |
1577 total
» units
| Acolyte | 11 | |
| Ghoul | 2 | |
| Crypt Fiend | 14 | |
| Gargoyle | 1 | |
28 total
» upgrades
| Unholy Strength | 1 | |
| Creature Attack | 3 | |
| Creature Carapace | 3 | |
| Burrow | 1 | |
| Web | 1 | |
9 total
» buildings
| Ziggurat | 3 | |
| Necropolis | 1 | |
| Crypt | 1 | |
| Altar of Darkness | 1 | |
| Graveyard | 1 | |
| Tomb of Relics | 1 | |
| Halls of the Dead | 2 | |
| Nerubian Tower | 1 | |
| Spirit Tower | 2 | |
| Black Citadel | 1 | |
14 total
» build order
00:25 Ziggurat
00:30 Necropolis
00:45 Crypt
01:02 Altar of Darkness
01:25 Graveyard
01:52 Tomb of Relics
02:22 Ziggurat
03:05 Ziggurat
03:36 Halls of the Dead
05:49 Nerubian Tower
05:50 Spirit Tower
05:52 Spirit Tower
07:33 Black Citadel
20:29 Halls of the Dead
» items
| Rod of Necromancy | 1 | |
| Circlet of Nobility | 1 | |
| Scroll of Town Portal | 2 | |
| Potion of Healing | 4 | |
| Potion of Mana | 1 | |
| Orb of Corruption | 2 | |
| Dust of Appearance | 2 | |
13 total
team 2 (winner)
sickofeuro (
red | 40 APM | 872 actions | 21:59)
3 Archmage
2 Blizzard
1 Brilliance Aura
3 Blood Mage
2 Flame Strike
1 Banish
» actions
| Assign group hotkey | 28 | |
| Build / train | 62 | |
| Enter build submenu | 21 | |
| Enter hero's abilities submenu | 6 | |
| Give item / drop item | 4 | |
| Right click | 196 | |
| Select / deselect | 217 | |
| Select group hotkey | 196 | |
| Use ability | 142 | |
872 total
» units
| Peasant | 5 | |
| Sorceress | 1 | |
| Priest | 2 | |
8 total
» upgrades
| Sorceress Training | 1 | |
| Magic Sentry | 1 | |
| Masonry | 1 | |
3 total
» buildings
| Keep | 1 | |
| Altar of Kings | 1 | |
| Farm | 2 | |
| Arcane Vault | 1 | |
| Scout Tower | 13 | |
| Arcane Sanctum | 1 | |
| Arcane Tower | 1 | |
| Lumber Mill | 1 | |
| Guard Tower | 7 | |
28 total
» build order
01:20 Keep
01:22 Altar of Kings
01:31 Farm
02:15 Farm
02:39 Arcane Vault
03:25 Scout Tower
04:23 Arcane Sanctum
04:58 Arcane Tower
05:01 Lumber Mill
06:53 Scout Tower
07:27 Guard Tower
07:28 Scout Tower
08:10 Guard Tower
08:11 Scout Tower
08:13 Scout Tower
10:32 Guard Tower
10:34 Scout Tower
10:35 Scout Tower
11:35 Guard Tower
11:37 Scout Tower
11:38 Scout Tower
15:25 Guard Tower
15:33 Scout Tower
15:34 Scout Tower
16:36 Guard Tower
16:37 Scout Tower
16:38 Scout Tower
18:04 Guard Tower
» items
| Potion of Healing | 12 | |
| Scroll of Regeneration | 6 | |
| Lesser Clarity Potion | 8 | |
| Potion of Mana | 3 | |
| Scroll of Town Portal | 5 | |
34 total
NappyHeadedHo (
yellow | 51 APM | 1786 actions | 34:45)
7 Blademaster
3 Wind Walk
3 Critical Strike
1 Bladestorm
» actions
| Assign group hotkey | 42 | |
| Basic commands | 31 | |
| Build / train | 69 | |
| Enter build submenu | 45 | |
| Enter hero's abilities submenu | 7 | |
| Give item / drop item | 4 | |
| Remove unit from queue | 3 | |
| Right click | 957 | |
| Select / deselect | 261 | |
| Select group hotkey | 218 | |
| Use ability | 149 | |
1786 total
» units
| Peon | 23 | |
| Grunt | 6 | |
| Troll Batrider | 7 | |
36 total
» upgrades
| Reinforced Defenses | 1 | |
| Troll Regeneration | 1 | |
| Ranged Weapons | 3 | |
| Armor | 2 | |
| Liquid Fire | 1 | |
8 total
» buildings
| Orc Burrow | 7 | |
| Altar of Storms | 1 | |
| Barracks | 1 | |
| Stronghold | 2 | |
| Voodoo Lounge | 2 | |
| War Mill | 1 | |
| Great Hall | 3 | |
| Watch Tower | 26 | |
| Fortress | 1 | |
| Beastiary | 4 | |
| Castle | 1 | |
49 total
» build order
00:11 Orc Burrow
01:11 Altar of Storms
01:13 Barracks
01:21 Orc Burrow
02:46 Stronghold
03:17 Voodoo Lounge
03:22 Voodoo Lounge
04:52 War Mill
05:34 Great Hall
05:37 Great Hall
06:40 Watch Tower
06:41 Watch Tower
06:42 Watch Tower
06:43 Watch Tower
06:53 Watch Tower
06:53 Watch Tower
06:54 Watch Tower
06:58 Watch Tower
07:26 Watch Tower
07:27 Watch Tower
08:58 Fortress
09:25 Watch Tower
09:28 Watch Tower
09:30 Watch Tower
09:35 Watch Tower
12:34 Beastiary
12:35 Beastiary
12:36 Beastiary
12:36 Beastiary
18:11 Orc Burrow
23:29 Great Hall
24:15 Watch Tower
24:15 Watch Tower
24:16 Watch Tower
24:34 Watch Tower
24:35 Watch Tower
24:36 Watch Tower
24:37 Watch Tower
24:38 Watch Tower
24:43 Watch Tower
24:45 Watch Tower
25:40 Watch Tower
26:58 Castle
27:37 Orc Burrow
27:39 Orc Burrow
27:43 Orc Burrow
27:45 Orc Burrow
» items
| Healing Salve | 1 | |
| Scroll of Town Portal | 3 | |
| Boots of Speed | 1 | |
| Periapt of Vitality | 1 | |
| Potion of Lesser Invulnerability | 1 | |
| Orb of Lightning | 1 | |
8 total
REX-RYAN-BUFFAL (
orange | 54 APM | 1866 actions | 34:45)
6 Goblin Alchemist
2 Chemical Rage
3 Healing Spray
1 Transmute
» actions
| Assign group hotkey | 60 | |
| Basic commands | 18 | |
| Build / train | 62 | |
| Enter build submenu | 23 | |
| Enter hero's abilities submenu | 6 | |
| Give item / drop item | 4 | |
| Remove unit from queue | 1 | |
| Right click | 804 | |
| Select / deselect | 192 | |
| Select group hotkey | 585 | |
| Use ability | 111 | |
1866 total
» units
| Peon | 14 | |
| Wind Rider | 3 | |
| Troll Batrider | 9 | |
| Demolisher | 2 | |
28 total
» upgrades
| Reinforced Defenses | 1 | |
| Ranged Weapons | 1 | |
| Liquid Fire | 1 | |
| Burning Oil | 1 | |
4 total
» buildings
| Altar of Storms | 1 | |
| Orc Burrow | 6 | |
| Stronghold | 2 | |
| Voodoo Lounge | 1 | |
| War Mill | 1 | |
| Beastiary | 3 | |
| Fortress | 3 | |
| Great Hall | 1 | |
| Watch Tower | 18 | |
| Gryphon Aviary | 3 | |
| Barracks | 3 | |
| Farm | 10 | |
52 total
» build order
00:18 Altar of Storms
00:25 Orc Burrow
01:58 Stronghold
01:59 Stronghold
02:05 Orc Burrow
02:20 Voodoo Lounge
02:30 War Mill
02:57 Orc Burrow
03:30 Orc Burrow
04:33 Beastiary
04:39 Beastiary
06:47 Fortress
06:47 Fortress
08:21 Great Hall
08:24 Watch Tower
08:24 Watch Tower
08:26 Watch Tower
08:26 Watch Tower
10:43 Watch Tower
10:44 Watch Tower
11:22 Watch Tower
11:23 Watch Tower
11:23 Watch Tower
11:24 Watch Tower
11:26 Watch Tower
11:27 Watch Tower
12:17 Watch Tower
12:17 Watch Tower
14:43 Orc Burrow
14:44 Orc Burrow
14:48 Watch Tower
14:48 Watch Tower
14:49 Watch Tower
18:29 Beastiary
27:50 Gryphon Aviary
27:51 Gryphon Aviary
27:52 Gryphon Aviary
28:57 Barracks
28:58 Barracks
28:59 Barracks
29:29 Farm
29:30 Farm
29:30 Farm
29:30 Farm
29:39 Farm
29:40 Farm
29:41 Farm
29:41 Farm
29:41 Farm
29:42 Farm
» items
| Boots of Speed | 1 | |
| Staff of Teleportation | 1 | |
| Healing Salve | 5 | |
| Orb of Lightning | 1 | |
| Potion of Invisibility | 2 | |
| Potion of Lesser Invulnerability | 1 | |
| Scroll of Town Portal | 2 | |
| Lesser Clarity Potion | 1 | |
| Potion of Mana | 3 | |
17 total

»
butteryomelet (
pink | 49 APM | 1081 actions | 22:07)
4 Blademaster
2 Wind Walk
2 Critical Strike
2 Shadow Hunter
1 Healing Wave
1 Hex
» actions
| Basic commands | 8 | |
| Build / train | 56 | |
| ESC pressed | 1 | |
| Enter build submenu | 28 | |
| Enter hero's abilities submenu | 6 | |
| Remove unit from queue | 2 | |
| Right click | 691 | |
| Select / deselect | 236 | |
| Use ability | 53 | |
1081 total
» units
| Peon | 8 | |
| Troll Headhunter/Berserker | 11 | |
| Forest Troll High Priest | 1 | |
| Shaman | 4 | |
| Kodo Beast | 1 | |
25 total
» upgrades
| Troll Regeneration | 1 | |
| Ranged Weapons | 1 | |
| Shaman Training | 2 | |
| Berserker Upgrade | 1 | |
| War Drums Damage Increase | 1 | |
| Witch Doctor Training | 2 | |
| Liquid Fire | 1 | |
9 total
» buildings
| Altar of Storms | 1 | |
| Orc Burrow | 8 | |
| War Mill | 1 | |
| Barracks | 1 | |
| Voodoo Lounge | 1 | |
| Stronghold | 1 | |
| Watch Tower | 1 | |
| Fortress | 1 | |
| Spirit Lodge | 2 | |
| Beastiary | 2 | |
19 total
» build order
00:13 Altar of Storms
00:30 Orc Burrow
00:52 War Mill
01:30 Barracks
01:40 Orc Burrow
02:31 Voodoo Lounge
03:19 Stronghold
04:42 Orc Burrow
04:46 Watch Tower
05:32 Orc Burrow
06:17 Fortress
07:16 Spirit Lodge
08:23 Beastiary
09:00 Orc Burrow
12:13 Orc Burrow
12:16 Orc Burrow
12:21 Spirit Lodge
15:34 Beastiary
16:33 Orc Burrow
» items
| Healing Salve | 2 | |
| Scroll of Speed | 1 | |
| Lesser Clarity Potion | 1 | |
| Orb of Lightning | 1 | |
| Scroll of Town Portal | 1 | |
| Potion of Healing | 2 | |
8 total
Chat log
(01:52 / All) NappyHeadedHo: Rex Ryan should have been fired years ago from Jets
(02:00 / All) AParcelofRogues: wtf
(02:06 / All) 13lackP3n1s: Black Penis for sale
(02:12 / All) AParcelofRogues: I made 2 altars instead of a barracks, fuck this is a sign you need to go to bed
(02:16 / All) AParcelofRogues: pretty funny though
(02:27 / All) NappyHeadedHo: are you listening to any music
(02:31 / All) AParcelofRogues: yeah that too
(02:40 / All) AParcelofRogues: my base looks hilarious now
(02:40 / All) NappyHeadedHo: I do stuff like that when I have tunes on
(02:49 / All) AParcelofRogues: I look like a complete noob lawl
(02:55 / All) 13lackP3n1s: i do that when i talk to my penis
(03:04 / All) NappyHeadedHo: 1 song at beginning is good
(03:17 / All) 13lackP3n1s: penis singing isnt bad either
(03:41 / All) REX-RYAN-BUFFAL: im glad im not black
(03:44 / All) NappyHeadedHo: why do soft nerds fantasize about being fucked by niggers so much
(04:46 / All) NappyHeadedHo: work it better make it better do it faster makes us stronger
(06:29 / Allies) bibiche25: ty
(06:53 / All) 13lackP3n1s: black penis for rent
(08:20 / Allies) bibiche25: wood please
(08:31 / Allies) bibiche25: ty
(11:59 / Allies) bibiche25: wood please
(12:26 / All) NappyHeadedHo: Teal you made an enemy
(12:46 / All) 13lackP3n1s: suck my penis?
(13:29 / Allies) bibiche25: ty
(14:08 / All) REX-RYAN-BUFFAL: lol
(14:11 / All) REX-RYAN-BUFFAL: tower fest
(17:39 / All) NappyHeadedHo: suck my dick lel
(17:44 / All) 13lackP3n1s: ok
(17:50 / All) NappyHeadedHo: just kidding queer
(17:55 / Allies) MysticorMagicor: ?
(18:19 / All) AParcelofRogues: pink did you even see the night elf in your base?
(18:30 / All) sickofeuro: pink is afk
(18:33 / All) AParcelofRogues: do you even know what a night elf player is?
(18:34 / All) AParcelofRogues: oh
(18:48 / All) AParcelofRogues: also nice copying my strat you fucking asshole red
(18:58 / All) sickofeuro: lol
(19:01 / All) sickofeuro: thats my strat
(19:03 / All) sickofeuro: double aoe
(19:04 / All) AParcelofRogues: it isn't
(19:06 / All) NappyHeadedHo: *ahem*
(19:39 / All) AParcelofRogues: You never go dual hero
(19:41 / All) AParcelofRogues: but I always do
(19:54 / Allies) bibiche25: meet
(20:09 / All) AParcelofRogues: wow he even uses a sorceress too, fucking copycat scum
(20:17 / All) AParcelofRogues: If I was human I would molest him right now
(20:21 / All) sickofeuro: ok
(20:27 / All) sickofeuro: thats enough of maphacking
(20:39 / All) sickofeuro: gg battle.net
(20:42 / All) AParcelofRogues: at least I don't just copy better player's strats
(20:48 / All) sickofeuro: go
(20:52 / All) sickofeuro: fuck yourself with that mh
(20:55 / All) sickofeuro: bm bm bm mh
(20:56 / All) sickofeuro: typical
(21:07 / All) sickofeuro: no comment
(21:27 / All) AParcelofRogues: lol
(21:34 / All) sickofeuro: keep hacking
(21:39 / All) AParcelofRogues: I will
(21:52 / Allies) MysticorMagicor: wood
(21:59 / All) sickofeuro: bye
(22:07 / All) AParcelofRogues: nice I made him leave just by hacking obviously
(22:12 / Allies) MysticorMagicor: gg
(22:17 / All) NappyHeadedHo: this is great
(22:18 / All) 13lackP3n1s: suck my cock
(22:19 / All) NappyHeadedHo: I can't do shit
(22:23 / All) NappyHeadedHo: shut up dick rider
(22:47 / All) NappyHeadedHo: Yeah it's your fiends not the ne lel
(23:16 / All) 13lackP3n1s: yawn
(23:41 / Allies) bibiche25: why you back
(23:45 / All) NappyHeadedHo: autocast web is as bullshit as tanks
(23:46 / Allies) 13lackP3n1s: blue tk
(23:56 / Allies) bibiche25: kill the other side guys
(24:00 / Allies) bibiche25: gold please
(24:11 / Allies) bibiche25: common
(24:13 / Allies) bibiche25: common
(24:26 / Allies) 13lackP3n1s: lol crybaby
(25:22 / Allies) bibiche25: purp make unit
(25:49 / Allies) 13lackP3n1s: meh i am out
(25:52 / Allies) AParcelofRogues: good
(25:55 / Allies) MysticorMagicor: green my unit
(26:38 / All) AParcelofRogues: I wish I had cloud right about now
(26:48 / All) AParcelofRogues: get hawks with red
(27:26 / All) NappyHeadedHo: jesus
(27:40 / Allies) MysticorMagicor: what happened green?
(27:52 / Allies) bibiche25: ?
(27:56 / Allies) bibiche25: sorry
(28:07 / Allies) bibiche25: who make that
(28:14 / Allies) bibiche25: stupid move what the fuck
(28:27 / Allies) bibiche25: blue you do that you seriously stupid
(28:35 / Allies) AParcelofRogues: what?
(28:42 / Allies) AParcelofRogues: I need barracks to make demolishers to siege and kill your base
(30:19 / Allies) MysticorMagicor: wow
(30:20 / Allies) MysticorMagicor: why?
(30:44 / Allies) bibiche25: lol blue you are so weird
(30:55 / All) AParcelofRogues: towers are actually no threat if your allies are too dumb to use them against you
(31:29 / All) MysticorMagicor: yea blue is homo.... game disqualified
(31:35 / All) NappyHeadedHo: lkawl
(31:40 / All) AParcelofRogues: that was fast
(31:42 / All) AParcelofRogues: I say your team gets the loss
(31:47 / All) AParcelofRogues: he's from the standoff
(31:48 / All) NappyHeadedHo: the nigger lover should lose
(31:51 / All) AParcelofRogues: and he copied our invisiharass
(31:57 / All) REX-RYAN-BUFFAL: who was he from standoff
(32:03 / All) AParcelofRogues: he was pink
(32:10 / All) REX-RYAN-BUFFAL: red was pink
(32:23 / All) NappyHeadedHo: he was shit at it
(32:31 / All) AParcelofRogues: yeah
(32:33 / All) NappyHeadedHo: because he was harassing with level 1 flamestrike
(32:37 / All) NappyHeadedHo: and shitty duo hero
(32:37 / All) AParcelofRogues: I notice more copycats lately
(32:44 / All) AParcelofRogues: duo hero is awesome are you kidding
(33:20 / All) NappyHeadedHo: It's less effective than single blood mage
(33:24 / All) NappyHeadedHo: because you have to share exp
(33:36 / All) AParcelofRogues: if you do it on a map like twilight ruins you can get 3/3 easily
(33:42 / All) AParcelofRogues: on a map like this it's iffy
(33:48 / All) AParcelofRogues: but on twilight ruins it's better 100% of the time
(33:57 / All) AParcelofRogues: Market square I think dual is better too actually
(34:28 / All) AParcelofRogues: my side has to lose?
(34:32 / All) NappyHeadedHo: yeh
(34:34 / All) REX-RYAN-BUFFAL: we wil lleave
(34:35 / All) REX-RYAN-BUFFAL: ?
(34:39 / All) AParcelofRogues: damn I want both to lose
(34:45 / All) AParcelofRogues: oh well